 Dungeon Crawl Stone Soup version 0.25.0-15-gac7dcb8919 (webtiles) character file.

Game seed: 14238680775946449535

(classic levelgen) 673 EnegeticOcto the Skirmisher (level 7, -2/57 HPs)
             Began as a Human Arcane Marksman on June 28, 2020.
             Slain by an ogre
             ... wielding a +0 giant spiked club
              (14 damage)
             ... on level 6 of the Dungeon.
             The game lasted 00:07:07 (5811 turns).

EnegeticOcto the Skirmisher (Human Arcane Marksman) Turns: 5811, Time: 00:07:07

Health: -2/57      AC: 13    Str: 12    XL:     7   Next: 90%
Magic:  8/8        EV:  3    Int: 13    God:
Gold:   246        SH:  0    Dex: 14    Spells: 8/8 levels left

rFire    . . .     SeeInvis .   b - +2 whip (venom)
rCold    . . .     Gourm    .   (no shield)
rNeg     . . .     Faith    .   q - +0 plate armour
rPois    +         Spirit   .   (no helmet)
rElec    .         Reflect  .   r - +2 cloak
rCorr    .         Harm     .   (no gloves)
MR       +....                  (no boots)
Stlth    ..........             (no amulet)
HPRegen  0.19/turn              h - ring of protection from magic
MPRegen  0.11/turn              u - ring of poison resistance

@: invisible
A: no striking features
a: no special abilities


You were on level 6 of the Dungeon.
You were not hungry.

You visited 1 branch of the dungeon, and saw 6 of its levels.
You also visited: Sewer.

You collected 246 gold pieces.

Inventory:

Hand Weapons
 a - a +0 hand crossbow
 b - a +2 whip of venom (weapon)
Missiles
 d - 32 bolts
Armour
 q - a +0 plate armour (worn)
 r - a +2 cloak (worn)
Jewellery
 h - a ring of protection from magic (left hand)
 u - a ring of poison resistance (right hand)
 v - an uncursed ring of see invisible
 B - a cursed ring of teleportation {unknown}
Wands
 k - a wand of paralysis (8)
 z - a wand of acid (9) {@v1}
 A - a wand of digging (5) {@v3}
Scrolls
 c - a scroll of teleportation {@r3 !r}
 i - a scroll of random uselessness {unknown}
 m - a scroll of blinking {@r4}
 s - a scroll of fear {!r}
 t - a scroll of noise {unknown}
 x - a scroll of remove curse {@r2}
 y - a scroll of enchant weapon {unknown}
Potions
 f - a potion of brilliance {unknown}
 g - 2 potions of heal wounds {unknown}
 j - 3 potions of flight
 l - 4 potions of curing {@q1 !q}
 n - a potion of haste {unknown}
 o - 3 potions of berserk rage
 p - 2 potions of might {@q3 !q}
Comestibles
 e - 6 rations


   Skills:
 + Level 5.9 Fighting
 + Level 5.7 Crossbows
 - Level 2.0 Dodging
 - Level 1.0 Spellcasting
   Level 3.0 Hexes


You had 8 spell levels left.
You didn't know any spells.
Your spell library contained the following spells:

 Spells                   Type           Power        Failure   Level  Hunger
 Corona                   Hex            #......      100%        1    ##.....
 Slow                     Hex            #.......     100%        2    ###....
 Inner Flame              Hex/Fire       #.......     100%        3    ####...
 Portal Projectile        Hex/Tloc       #.....       100%        3    ####...
 Cause Fear               Hex            #.........   100%        4    #####..
 Leda's Liquefaction      Hex/Erth       #.........   100%        4    #####..


Dungeon Overview and Level Annotations

Branches:
Dungeon (6/15)              Sewer (visited)
 Temple: D:4-7

Altars:
Vehumet
Xom
Yredelemnul

Shops:
D:5 ?*[   D:6 ?


Message History

Found 21 stones.
You are near starving!
There is a stone staircase leading up here.
A howler monkey comes into view.
The howler monkey howls!
You eat one of the 6 rations.
That ration really hit the spot!
The howler monkey hoots and howls with incredible vigour!
You closely miss the howler monkey.
The howler monkey hits you but does no damage.
You hit the howler monkey.
The howler monkey is poisoned.
The howler monkey is moderately wounded.
The howler monkey hits you but does no damage.
Your plate armour prevents you from hitting the howler monkey.
The howler monkey is moderately wounded.
The howler monkey hits you but does no damage. x2
You closely miss the howler monkey.
The howler monkey is heavily wounded.
The howler monkey hoots and howls with incredible vigour!
You barely miss the howler monkey.
The howler monkey is severely wounded.
The howler monkey hits you.
The howler monkey hits you but does no damage.
Your plate armour prevents you from hitting the howler monkey.
The howler monkey is severely wounded.
The howler monkey hits you but does no damage.
You closely miss the howler monkey.
The howler monkey is almost dead.
You kill the howler monkey!
No target in view!
No target in view!
No target in view!
No target in view!
Found an escape hatch in the ceiling.
Done exploring.
Done exploring.
Done exploring.
Okay, then.
(D) Dungeon
Where to? (Enter - D:5, ? - help)
There is an escape hatch in the floor here.
Things that are here:
a +0 quarterstaff; 11 stones
There is a stone staircase leading down here.
You climb downwards.
Found Noahis's Magic Scroll Shop.
There is a stone staircase leading up here.
As you read the scroll labeled VUPHOIXTUSCH, it crumbles to dust.
You feel blessed for a moment.
It was a scroll of remove curse.
As you read the scroll labeled VAAGERH ZIACSY, it crumbles to dust.
You feel strangely unstable.
It was a scroll of teleportation.
You climb upwards.
Your surroundings suddenly seem different.
You start waiting.
Done waiting.
(D) Dungeon
Where to? (Enter - D:6, ? - help)
There is a stone staircase leading down here.
You climb downwards.
There is a stone staircase leading up here.
Found an embroidered robe.
You now have 246 gold pieces (gained 9).
e - 6 rations (gained 1)
Found a leather armour.
A leopard gecko comes into view.
The leopard gecko hisses angrily.
A leopard gecko is nearby!
An ogre comes into view. It is wielding a +0 giant spiked club.
The ogre shouts!
The leopard gecko bites you but does no damage. x2
Your plate armour prevents you from hitting the leopard gecko.
The leopard gecko bites you but does no damage.
You closely miss the leopard gecko. The leopard gecko bites you.
You hit the leopard gecko.
The leopard gecko is heavily wounded.
The leopard gecko barely misses you.
You barely miss the leopard gecko.
The leopard gecko is heavily wounded.
The leopard gecko bites you but does no damage.
The leopard gecko barely misses you.
There are monsters nearby!
You hit the leopard gecko.
You kill the leopard gecko!
Your plate armour prevents you from hitting the ogre.
The ogre hits you with a +0 giant spiked club!
You completely miss the ogre.
The ogre hits you with a +0 giant spiked club!
You closely miss the ogre.
The ogre hits you with a +0 giant spiked club!
You are too injured to fight recklessly!
You are too injured to fight recklessly!
You are too injured to fight recklessly!
You are too injured to fight recklessly!
You hit the ogre.
The ogre is lightly wounded.
The ogre hits you with a +0 giant spiked club!!
* * * LOW HITPOINT WARNING * * *
Okay, then.
You fade into invisibility!
The ogre hits you with a +0 giant spiked club!
You die...

#...# ##.## #.# #.#
#.## #..## ##.#.##
#O###.#
################@#.##
......#......# ##.##
#.##.#.####.# #.#
##........##.####.#
...##.#.#...[.....#
##<##.#......######
......########
#######


You could see an ogre.

Vanquished Creatures
  A big kobold (Sewer)
  A scorpion (D:5)
  A howler monkey (D:5)
  3 crimson imps (D:5)
  A bullfrog zombie (D:5)
  An orc priest (D:3)
  A hound (D:5)
  A centaur skeleton (D:4)
  Ijyb (D:4)
  2 orc wizards (D:3)
  A worker ant (D:4)
  A hound skeleton (D:3)
  10 adders
  A river rat (Sewer)
  An ooze (D:3)
  An adder skeleton (D:4)
  A worm (D:5)
  3 leopard geckos
  8 orcs
  3 giant cockroaches (D:3)
  4 goblins
  6 hobgoblins
  2 jackals (Sewer)
  6 kobolds
  A quokka (D:2)
  A ball python (D:2)
  4 bats
  5 frilled lizards
  9 rats
81 creatures vanquished.

Notes
Turn   | Place    | Note
-------+----------+-------------------------------------------
     0 | D:1      | EnegeticOcto the Human Arcane Marksman began the quest for
                  | the Orb.
     0 | D:1      | Reached XP level 1. HP: 15/15 MP: 2/2
   448 | D:1      | Reached XP level 2. HP: 18/22 MP: 3/3
   527 | D:1      | Reached skill level 2 in Fighting
  1534 | D:3      | Reached XP level 3. HP: 28/28 MP: 4/4
  1672 | D:3      | Found a glowing drain.
  1718 | D:3      | Reached skill level 3 in Fighting
  1718 | D:3      | Reached XP level 4. HP: 34/35 MP: 5/5
  1726 | D:3      | Reached skill level 3 in Crossbows
  1841 | Sewer    | Entered a sewer
  2011 | Sewer    | Noticed a big kobold
  2020 | Sewer    | Reached XP level 5. HP: 41/41 MP: 6/6
  2033 | Sewer    | Killed a big kobold
  2033 | Sewer    | Reached skill level 4 in Fighting
  2117 | Sewer    | Found a white marble altar of Elyvilon.
  2366 | D:3      | Reached skill level 4 in Crossbows
  2366 | D:3      | Reached XP level 6. HP: 37/48 MP: 7/7
  2635 | D:2      | You fall into a shaft and drop 1 floor!
  2871 | D:2      | Found a faded altar of an unknown god.
  3964 | D:4      | Reached skill level 5 in Fighting
  3964 | D:4      | Reached XP level 7. HP: 55/56 MP: 8/8
  4139 | D:4      | Noticed Ijyb
  4144 | D:4      | Killed Ijyb
  4415 | D:5      | Entered Level 5 of the Dungeon
  4423 | D:5      | Found a shimmering altar of Xom.
  4501 | D:5      | Reached skill level 5 in Crossbows
  4804 | D:5      | Found a radiant altar of Vehumet.
  4806 | D:5      | Found a basalt altar of Yredelemnul.
  4820 | D:5      | Found Utitebry's Armour Shoppe.
  5157 | D:5      | Found Jarytsotz's General Store.
  5161 | D:5      | Found Weucw's Magic Scroll Emporium.
  5622 | D:6      | Found Noahis's Magic Scroll Shop.
  5811 | D:6      | Slain by an ogre

Illustrated notes

Levels and vault maps discovered:
D:1:      heliophobic_arrival_glass_houses, layout_basic, minmay_misc_feat_chi
D:2:      layout_basic, chequers_ecumenical_altar_island
D:3:      layout_rooms, first_ration, gup_sewer_entry_glass
D:4:      layout_cave_pods, chequers_serial_rivers_small_3,
          chequers_decorated_corner, uniq_ijyb
D:5:      layout_layer_cave, xom_teletrap_fun, grunt_temple_overflow_open,
          serial_shops, shop, shop, shop
D:6:      layout_loops_cross, minmay_temple_entry_drinking_statues,
          serial_shops, shop, nicolae_shop_crystal, shop, kennysheep_mini_moat,
          basic_altar, nrook_loot_triangle, fedhas_altar_4

Skill      XL: |  1  2  3  4  5  6  7 |
---------------+----------------------+-----
Fighting       | 2 3 4 5 |  5.9
Crossbows      | 3 4 5 |  5.7
Dodging        | |  2.0
Spellcasting   | |  1.0
Hexes          | |  3.0

Action                   |  1- 3 |  4- 6 |  7- 9 || total
-------------------------+-------+-------+-------++-------
Melee: Whip              |   104 |   142 |   131 ||   377
       Unarmed           |       |    12 |       ||    12
 Fire: Hand crossbow     |     1 |    20 |     4 ||    25
  Use: Scroll            |     3 |     4 |     7 ||    14
       Potion            |     2 |       |     1 ||     3
  Eat: Chunk             |     2 |     8 |     3 ||    13
       Ration            |       |       |     1 ||     1
Armor: Robe              |     2 |       |       ||     2
       Plate armour      |   104 |   134 |    94 ||   332
       Skin              |    17 |    22 |       ||    39
Dodge: Dodged            |    28 |    23 |    15 ||    66
